Map: Ley Lines

Players

umopapisdn

  • Race: Zerg Zerg
  • League: Gold
  • Spawn Location: 1:00

VOD

Have the link to the VOD?

Description

Time

  • Played on: Feb. 11, 2025, 1:45 a.m.
  • Length: 8:58
Show
View Real Time Build Order
Export as new Build Order

umopapisdn Zerg 

Build Orders: Hatch First 

Get SALT Encoding   

  12  0:00  Drone  
  13  0:13  Overlord  
  13  0:18  Drone  
  14  0:31  Drone x2  
  16  0:48  Hatchery  
  15  0:50  Drone  
  15  0:54  Drone  
  17  0:57  Drone  
  18  1:08  Extractor  
  17  1:13  Spawning Pool  
  17  1:15  Drone  
  17  1:19  Drone  
  18  1:29  Drone  
  19  1:39  Drone  
  20  1:51  Drone  
  21  2:01  Queen x2  
  23  2:03  Zergling x4  
  27  2:16  Hatchery  
  27  2:22  Overlord  
  26  2:27  Metabolic Boost  
  26  2:30  Drone  
  26  2:32  Drone  
  28  2:42  Queen  
  30  2:48  Drone x2  
  30  2:51  Drone  
  33  2:56  Overlord  
  33  2:58  Drone  
  33  3:01  Drone  
  33  3:04  Drone  
  36  3:08  Overlord  
  36  3:14  Drone  
  36  3:15  Drone  
  36  3:16  Drone  
  36  3:18  Drone  
  40  3:20  Drone  
  40  3:22  Drone  
  42  3:27  Overlord  
  42  3:39  Roach Warren, Drone  
  42  3:40  Drone x3  
  45  3:42  Drone  
  45  3:44  Drone  
  45  3:45  Drone  
  48  3:49  Overlord  
  48  4:00  Drone x5  
  48  4:01  Overlord  
  53  4:04  Overlord  
  53  4:08  Extractor  
  52  4:10  Lair  
  52  4:13  Drone  
  52  4:14  Drone x2  
  52  4:16  Drone  
  56  4:19  Zergling x2  
  56  4:21  Zergling x2  
  56  4:22  Zergling x2  
  59  4:27  Queen  
  61  4:32  Roach  
  61  4:33  Roach x3  
  61  4:35  Roach  
  71  4:40  Queen  
  71  4:42  Drone x2  
  71  4:43  Drone  
  71  4:45  Drone  
  77  4:46  Drone  
  77  4:47  Drone  
  79  4:54  Extractor  
  78  5:01  Spore Crawler  
  77  5:11  Spore Crawler, Drone x6  
  77  5:12  Drone x4  
  77  5:13  Spore Crawler, Overlord x2  
  85  5:15  Overlord  
  85  5:21  Glial Reconstitution  
  85  5:26  Evolution Chamber  
  85  5:27  Evolution Chamber  
  83  5:33  Drone  
  83  5:34  Drone x4  
  88  5:36  Drone x2  
  88  5:42  Hatchery  
  89  5:55  Drone  
  89  5:56  Drone x7  
  97  5:57  Roach  
  99  6:09  Extractor  
  99  6:10  Extractor  
  97  6:24  Extractor  
  97  6:25  Roach x9  
  114  6:26  Overlord x2  
  114  6:47  Roach x7  
  114  6:48  Overlord x2, Roach  
  130  6:55  Zerg Ground Armor Level 1, Zerg Missile Weapons Level 1  
  130  6:56  Hatchery  
  130  7:01  Hydralisk Den  
  128  7:18  Roach x12  
  128  7:19  Overlord x3  
  128  7:20  Overlord  
  154  7:44  Roach x11  
  154  7:45  Roach x4  
  154  7:50  Extractor  
  181  7:52  Spore Crawler  
  181  7:53  Roach x2  
  181  7:54  Extractor  
  181  7:55  Overlord x2  
  181  7:57  Grooved Spines  
  183  8:04  Infestation Pit  
  183  8:05  Overseer  
  182  8:07  Roach x4  
  190  8:15  Roach x5  
Tags
 
League
Gold
Race
Zerg
Add a new tag
Caveats
  • Supply blocks, unpowered buildings, or Contaminate may cause inaccurate times.
  • Supply counts are checked every 10 seconds.